[Event "4th ESNA Championship 2022"]
[Site "Vaduz"]
[Date "2022.09.27"]
[Round "4.5"]
[White "Henderson de La Fuente, Lance"]
[Black "Carpenter, Paul A"]
[Result "1-0"]
[ECO "A80"]
[WhiteElo "2504"]
[BlackElo "1986"]
[Annotator "TA"]
[PlyCount "83"]
[EventDate "2022.09.25"]
[EventType "tourn"]
[EventCountry "LIE"]
[SourceTitle "playchess.com"]
[Source "ChessBase"]
[SourceQuality "1"]
[TimeControl "40/5400+30:1800+30"]

1. d4 f5 2. Nc3 Nf6 3. Bg5 g6 4. e3 Bg7 5. h4 h6 (5... Ne4 $14) 6. Bxf6 $16 {[%emt 0:01:24] A80: Dutch Defence: Unusual White second moves.} Bxf6 7. Nge2 {[%emt 0:07:56] Strongly threatening Nf4.} e5 {[%emt 0:11:49] [#] Inhibits Nf4.} 8. dxe5 $146 {[%emt 0:04:32] White is better.} ({Predecessor:} 8. d5 d6 9. h5 g5 10. Qd2 O-O 11. O-O-O Nd7 12. Kb1 Bg7 13. f3 Nc5 14. Ng3 a6 15. e4 f4 16. Nf5 Bxf5 17. exf5 {1-0 (17) Schmid,W (2220)-Voetter,H (2367) ICCF email 2017}) 8... Bxe5 9. h5 g5 10. f4 gxf4 11. exf4 Bg7 12. Qd3 (12. Qd5 $1 $16) 12... O-O $11 13. O-O-O c6 14. Qd6 Rf6 15. Qd2 $36 {[%emt 0:05:23][%mdl 2048] White fights for an advantage.} d5 16. Na4 (16. Nd4 $11) 16... Nd7 (16... Na6 $5 17. a3 b5 $17) 17. c4 (17. Nd4 $15) 17... Kh8 18. Rh3 b5 (18... Rd6 $15 19. Re3 Nf6) 19. cxb5 cxb5 ({Black should play} 19... Rd6 $11) 20. Qxd5 $14 Rb8 ({Better is} 20... Qc7+ $1 $14 21. Nac3 (21. Rc3 Qb8 $11) 21... Rb8) 21. Nac3 $2 (21. Nc5 $16 {[%cal Rc5d7] is forced if you want to stay better.} Qc7 22. Rc3 Nxc5 23. Rxc5) 21... b4 $17 {[%emt 0:01:57][%mdl 1024] Black has strong compensation.} 22. Nb5 Rfb6 (22... Qf8 $17 {aiming for ...Nc5.} 23. Kb1 (23. Nxa7 Bb7 $19) 23... Nb6) 23. Nd6 $11 {[%emt 0:03:42] And now Nf7+ would win.} Qf6 24. Nf7+ Kh7 25. Nd4 {[%emt 0:00:08] Threatens to win with g4.} Nf8 $1 26. Ne5 {[%emt 0:07:19] Hoping for Bd3.} Ne6 (26... Bb7 $11 {keeps the balance.} 27. Qf7 Qxf7 28. Nxf7 Rc8+ 29. Kb1 Kg8 30. Nxf5 (30. Ne5 Rd6 $17) 30... Kxf7 31. Nd6+ Rxd6 32. Rxd6 Be4+ 33. Bd3 Bxg2) 27. Nxe6 $1 $16 Bxe6 28. Qa5 (28. Qd4 $16) 28... b3 (28... Qe7 $11) 29. a3 $1 $14 Rd8 30. Bd3 (30. Qxa7 $2 Rc6+ $3 31. Bc4 (31. Rc3 $2 Rxc3+ 32. bxc3 b2+ 33. Kxb2 Rxd1 $19) 31... Bxc4 32. Rxd8 Be2+ 33. Rc3 Qxd8 $19) (30. Rxd8 $6 Qxd8 31. Qd2 Rd6 $14) (30. Be2 $16) 30... Rbd6 (30... Rd4 $1 $11) 31. Re3 {[%emt 0:03:42] Active counter play!} (31. Qxa7 $16 {Black must now prevent Rg3.} Rd4 32. Rg3 Rc8+ 33. Kd2 (33. Kb1 Rxf4 34. Re1 Re4 $11) 33... Rxf4 34. Re1) 31... Rd4 (31... Qh4 $11 32. Rf3 Bxe5 33. Qxe5 Qxh5) 32. g3 $1 (32. Qxa7 Rxf4 33. Rde1 Bd5 $17) 32... Bc4 {[%emt 0:00:31] [#]} 33. Ng4 {[%emt 0:00:36] Chess con chili.} ({Wrong is} 33. Qxa7 $2 Qe6 34. Qf7 Qxf7 35. Nxf7 Bxf7 36. Bxf5+ Kg8 37. Rxd4 Bxd4 $19) (33. Nd7 $2 R8xd7 34. Bxf5+ (34. Qxf5+ $2 Kg8 $19) 34... Kh8 35. Bxd7 {[#]} Rxd7 $1 $19) ({White should try} 33. Qc3 $1 $16 Bxd3 34. Rexd3 (34. Rdxd3 Rxd3 35. Rxd3 Rxd3 $16) 34... Rxd3 35. Rxd3) 33... Qc6 (33... Qd6 $11 {is superior.} 34. Qxf5+ Kg8 35. Qh7+ Kf8 36. Qf5+ Kg8 37. Qh7+ Kf8 38. Qf5+ Kg8) 34. Bxf5+ ({Stronger than} 34. Qxf5+ Kg8 35. Qh7+ Kf8 36. Qf5+ Bf7+ 37. Kd2 Qg2+ 38. Ke1 Qh1+ 39. Ke2 Qxh5 40. Qxh5 Bxh5 $19) 34... Kh8 35. Qxd8+ Rxd8 36. Rxd8+ Bg8+ {[%emt 0:00:04] This bishop pair is nice.} 37. Kd1 Bxb2 38. Rxb3 Bf6 {[%emt 0:00:33][%mdl 8192] Black cannot hold the game after this.} (38... Qh1+ $16 39. Ke2 Qg2+ 40. Nf2 Bd4) 39. Nxf6 Qxf6 40. Rbb8 Qxf5 41. Rxg8+ Kh7 42. Rh8+ {[%emt 0:00:05] Weighted Error Value: White=0.33/Black=0.51} 1-0

[Event "4th ESNA Championship 2022"]
[Site "Vaduz"]
[Date "2022.09.28"]
[Round "5.1"]
[White "Carpenter, Paul A"]
[Black "Mizzi, Jack"]
[Result "0-1"]
[ECO "B11"]
[WhiteElo "1986"]
[BlackElo "1863"]
[Annotator "TA"]
[PlyCount "58"]
[EventDate "2022.09.25"]
[EventType "tourn"]
[EventCountry "LIE"]
[SourceTitle "playchess.com"]
[Source "ChessBase"]
[SourceQuality "1"]
[TimeControl "40/5400+30:1800+30"]

1. e4 c6 2. Nf3 d5 3. Nc3 dxe4 4. Nxe4 Nf6 5. Qe2 Bf5 6. Nxf6+ {[%emt 0:04:25] B11: Caro-Kann: Two Knights Variation.} gxf6 7. d3 {[%emt 0:06:20] 7.d3 is better than 7.d4.} Na6 {[%emt 0:05:17] [#]} 8. Bd2 $146 {[%emt 0:24:33] Against Qa5. White is slightly better.} ({Predecessor:} 8. g3 Qd7 9. Bg2 Bh3 10. Bxh3 Qxh3 11. Bd2 Nc7 12. O-O-O Qe6 13. Qxe6 Nxe6 14. d4 {½-½ (51) Radzhabov,R (2332)-Tosic,M (2362) Cheliabinsk 2018}) 8... Qb6 9. Bc3 O-O-O 10. g3 e5 (10... Bg4 {is interesting.} 11. Bg2 h5 12. O-O Nb4) 11. Nh4 (11. Bg2 $5 ) 11... Be6 12. Bg2 Bb4 13. O-O Bxc3 14. bxc3 Qc5 15. Qe3 ({White should try} 15. c4 $14) 15... Qxc3 $11 16. Qxa7 {[%emt 0:01:43] [#] Black must now prevent Rab1.} Qc5 {[%emt 0:00:22] Active counter play!} 17. Qxc5 Nxc5 18. a4 Kc7 19. f4 Ra8 20. Rae1 Nd7 21. c4 (21. fxe5 $11 {remains equal.} fxe5 22. Re4) 21... Nc5 $17 ({Don't take} 21... Rxa4 22. f5 $14) 22. Re3 Rxa4 23. fxe5 fxe5 24. Nf3 (24. Be4 $17 {might work better.}) 24... Nxd3 $19 ({Stronger than} 24... e4 25. dxe4 Rd8 26. Ne5 $17) 25. Ng5 $2 {[%emt 0:04:25] [#]} (25. Rxd3 {was worth a try.} e4 26. Re3 exf3 27. Bxf3) 25... Bxc4 26. Nxf7 Rf8 {[%emt 0:01:03] Black is clearly winning.} 27. Nxe5 (27. Ng5 $142 Rxf1+ 28. Bxf1) 27... Rxf1+ 28. Bxf1 Nxe5 29. Rxe5 Ra1 {[%emt 0:01:06] Weighted Error Value: White=0.54/Black=0.05 (flawless)} 0-1

[Event "4th ESNA Championship 2022"]
[Site "Vaduz"]
[Date "2022.09.28"]
[Round "5.2"]
[White "Efimov, Igor"]
[Black "Henderson de La Fuente, Lance"]
[Result "1/2-1/2"]
[ECO "A47"]
[WhiteElo "2360"]
[BlackElo "2504"]
[Annotator "TA"]
[PlyCount "49"]
[EventDate "2022.09.25"]
[EventType "tourn"]
[EventCountry "LIE"]
[SourceTitle "playchess.com"]
[Source "ChessBase"]
[SourceQuality "1"]
[TimeControl "40/5400+30:1800+30"]

1. d4 Nf6 2. Nf3 b6 3. Bg5 Bb7 4. Nbd2 g6 5. Bxf6 exf6 6. e4 {[%emt 0:00:17] A47: 1 d4 Nf6 2 Nf3 b6: Torre, London and Colle Systems.} Bg7 7. Bd3 O-O 8. O-O d5 9. c3 Nd7 {[%emt 0:02:27] [#]} 10. Re1 $146 ({Predecessor:} 10. a4 c5 11. a5 dxe4 12. Nxe4 f5 13. Nd6 Bxf3 14. Qxf3 cxd4 15. cxd4 Bxd4 16. Qd5 {1-0 (38) Dmitrenko,V (2395)-Gaehwiler,G (2400) Chess.com INT 2021}) 10... c5 11. exd5 Bxd5 12. Be4 Bxe4 13. Nxe4 f5 14. Ng3 cxd4 15. Nxd4 Ne5 16. Nge2 Qh4 {[%emt 0:02:39] [#] Hoping for ...Ng4.} 17. g3 Qf6 (17... Qe4 {with more complications.} 18. Nc1 Qb7 19. Nd3 Nc4) 18. Nf4 {[%emt 0:09:00] The position is equal.} Rad8 19. Qe2 b5 20. Qxb5 Rxd4 {[%emt 0:40:25][%mdl 64] [#] Remove Defender} 21. cxd4 Nf3+ 22. Kg2 Nxe1+ 23. Rxe1 Qxd4 24. b3 Rd8 25. Re8+ {[%emt 0:24:41] Weighted Error Value: White=0.08 (flawless) /Black=0.07 (flawless)} 1/2-1/2

[Event "4th ESNA Championship 2022"]
[Site "Vaduz"]
[Date "2022.09.28"]
[Round "5.2"]
[White "Kirby, Peter J."]
[Black "Berend, Fred"]
[Result "0-1"]
[ECO "E04"]
[WhiteElo "2011"]
[BlackElo "2300"]
[Annotator "TA"]
[PlyCount "76"]
[EventDate "2022.09.25"]
[EventType "tourn"]
[EventCountry "LIE"]
[SourceTitle "playchess.com"]
[Source "ChessBase"]
[SourceQuality "1"]
[TimeControl "40/5400+30:1800+30"]

1. Nf3 d5 2. d4 Nf6 3. c4 e6 4. g3 dxc4 5. Bg2 c5 6. O-O Nc6 7. Qa4 Bd7 8. Qxc4 b5 9. Qd3 c4 10. Qd1 Rc8 11. b3 {[%emt 0:07:42] 11.Bf4 is setting a new trend. E04: Open Catalan: 5 Nf3.} Na5 12. bxc4 (12. Ne5 {with more complications.} Be7 13. Bd2 b4 14. Nxc4 Nxc4 15. bxc4 Rxc4 16. Qb3) 12... Nxc4 13. Nbd2 {[%emt 0:02:36] The position is equal.} (13. Ne5 {keeps more tension.} Be7 14. Nd2 O-O 15. e4) 13... Nb6 {[%emt 0:00:00] [#]} 14. Nb3 $146 ({Predecessor:} 14. Ne5 b4 15. Nb3 Nbd5 16. Qd3 Nc3 17. Nxd7 Qxd7 18. Bd2 Ncd5 19. Rfc1 Rxc1+ 20. Rxc1 {1-0 (39) Bolbochan,J-Letelier Martner,R Sao Paulo 1960}) 14... Bc6 15. Bd2 Nc4 16. Bg5 Be7 17. Nbd2 O-O 18. Nxc4 bxc4 19. Ne5 (19. Rc1 $15) 19... Bxg2 $17 20. Kxg2 Ba3 (20... h6 $17 21. Bxf6 Bxf6) 21. Bc1 (21. Nf3 $15) 21... Bb4 $1 22. Rb1 Qd5+ (22... Nd5 $5 23. Qc2 f5 $15) 23. f3 Bd6 (23... a5 $5 24. a3 Bd6 $15) 24. Bf4 $1 c3 25. Rb3 $2 (25. Qa4 $11 {and White stays safe.}) 25... Rfd8 $2 (25... Qa5 $1 $19 26. Qc2 Nd5) 26. e4 $11 Qa5 $36 {[%emt 0:00:00][%mdl 2048] White is under pressure.} 27. Qc2 Ba3 28. Be3 Ne8 29. Nd3 (29. Rd1 $11) 29... Nd6 $1 $17 30. Bc1 $2 {[%emt 0:07:21] Now White is beyond hope.} (30. Nc5 $17 {might work better.} Bxc5 31. dxc5) 30... Nc4 (30... Bxc1 $142 31. Nxc1 (31. Rxc1 $2 Nb5 $19) 31... Nb5) 31. Re1 $2 (31. Kg1) 31... Bxc1 $19 32. Nxc1 Nd2 33. Rb7 Rxd4 {[%emt 0:01:40][%cal Od2f3] Strongly threatening ...Nxf3!} ({Inferior is} 33... Qh5 34. Qd3 $11) 34. Ne2 {[%emt 0:03:01] [#]} Rdc4 (34... Nxf3 $1 35. Reb1 (35. Kxf3 $2 Rd2 $19) 35... Rdd8) 35. Rd1 (35. Qd3) 35... g5 ({Not} 35... Qh5 36. Rxd2 cxd2 {[#]} 37. Qxc4 $3 $18 ) (35... Rd8 $142 36. Kh1 h6) 36. f4 $2 (36. Rd7) 36... Qa6 {[%emt 0:01:31] Black is clearly winning.} 37. Re7 R4c7 38. Rxd2 cxd2 {[%emt 0:01:41] Weighted Error Value: White=1.10/Black=0.62} 0-1

[Event "4th ESNA Championship 2022"]
[Site "Vaduz"]
[Date "2022.09.28"]
[Round "5.3"]
[White "Kirby, Peter J."]
[Black "Berend, Fred"]
[Result "*"]
[ECO "E04"]
[WhiteElo "2011"]
[BlackElo "2300"]
[Annotator "TA"]
[PlyCount "58"]
[EventDate "2022.09.25"]
[EventType "tourn"]
[EventCountry "LIE"]
[SourceTitle "playchess.com"]
[Source "ChessBase"]
[SourceQuality "1"]
[TimeControl "40/5400+30:1800+30"]

1. Nf3 d5 2. d4 Nf6 3. c4 e6 4. g3 dxc4 5. Bg2 c5 6. O-O Nc6 7. Qa4 Bd7 8. Qxc4 b5 9. Qd3 c4 10. Qd1 Rc8 11. b3 {[%emt 0:07:42] 11.Bf4 is a critical line. E04: Open Catalan: 5 Nf3.} Na5 12. bxc4 Nxc4 13. Nbd2 {[%emt 0:02:36] The position is equal.} Nb6 {[%emt 0:00:00] [#]} 14. Nb3 $146 (14. Ne5 {with more complications.} Be7 15. Nb3 Nc4 16. Bg5) ({Predecessor:} 14. Ne5 b4 15. Nb3 Nbd5 16. Qd3 Nc3 17. Nxd7 Qxd7 18. Bd2 Ncd5 19. Rfc1 Rxc1+ 20. Rxc1 {1-0 (39) Bolbochan,J-Letelier Martner,R Sao Paulo 1960}) 14... Bc6 15. Bd2 Nc4 16. Bg5 Be7 17. Nbd2 O-O 18. Nxc4 bxc4 19. Ne5 (19. Rc1 $15) 19... Bxg2 $17 20. Kxg2 Ba3 {[%emt 0:00:00] Prevents Rc1.} 21. Bc1 {[%emt 0:01:31] [#]} ({White should try} 21. Nf3 $15) 21... Bb4 $1 22. Rb1 Qd5+ 23. f3 Bd6 (23... a5 $5 24. Be3 Qd6 $15) 24. Bf4 $1 c3 25. Rb3 $2 {[%emt 0:04:10] [#]} (25. Qa4 $11 {and White is okay.}) 25... Rfd8 $2 (25... Qa5 $1 $19 {And now ...Nd5 would win.} 26. Qc2 Nd5) 26. e4 $11 Qa5 27. Qc2 Ba3 28. Be3 Ne8 29. Nd3 (29. Rd1 $11) 29... Nd6 $1 {[%emt 0:00:00] Weighted Error Value: White=0.27 (precise) /Black=0.16 (very precise)} *

[Event "4th ESNA Championship 2022"]
[Site "Vaduz"]
[Date "2022.09.28"]
[Round "5.4"]
[White "Michaelides, Konstantinos"]
[Black "Frick, Renato"]
[Result "1-0"]
[ECO "D03"]
[WhiteElo "2304"]
[BlackElo "1875"]
[Annotator "TA"]
[PlyCount "77"]
[EventDate "2022.09.25"]
[EventType "tourn"]
[EventCountry "LIE"]
[SourceTitle "playchess.com"]
[Source "ChessBase"]
[SourceQuality "1"]
[TimeControl "40/5400+30:1800+30"]

1. d4 Nf6 2. Nf3 e6 3. Bg5 d5 4. e3 c5 5. c3 Nc6 6. Nbd2 Be7 7. Bd3 Nd7 8. Bf4 {[%emt 0:04:51] D03: 1 d4 d5 2 Nf3 Nf6 3 Bg5, including Torre Attack with early ...d5.} cxd4 (8... f5 $11) 9. exd4 $14 Nf8 {[%emt 0:00:33] [#]} 10. h4 $146 {[%emt 0:06:54] White is slightly better.} ({Predecessor:} 10. Ne5 Ng6 11. Nxg6 hxg6 12. Nf3 Bd6 13. Qd2 Qc7 14. Bxd6 Qxd6 15. O-O-O Bd7 16. h4 {½-½ (27) Mantovani,R (2370)-Pantaleoni,C (2245) Chianciano Terme 1989}) 10... Ng6 11. Bg3 Bd6 12. Bxd6 Qxd6 13. g3 e5 14. Bxg6 hxg6 15. dxe5 Nxe5 16. Qe2 {[%emt 0:04:59] Against Nd3+} f6 17. Nxe5 $1 fxe5 18. f4 ({Better is} 18. Nf3 $16) 18... e4 (18... O-O $11) 19. O-O-O $16 {[%emt 0:00:57][%cal Od2e4] And now Nxe4! would win.} Qe6 (19... Qc6 $14) 20. Nf1 Qc6 21. Ne3 Be6 22. Rd4 {[%emt 0:02:41] White is more active.} O-O-O 23. Rhd1 Rd7 24. Kb1 Kb8 25. Nc2 Rhd8 26. Nb4 Qb6 27. Nc2 (27. R1d2 $16) 27... a5 (27... Qc6 $1 $11 {keeps the balance.}) 28. Ne3 Qc5 29. h5 gxh5 30. Qxh5 b5 {[%emt 0:04:32] Prevents c4.} (30... Bf7 $16 {might work better.} 31. Qg4 Ka7) 31. Rxe4 Bf7 {[%emt 0:02:22] [#]} 32. Qe5+ Kb7 33. Qd4 (33. Red4 $142) 33... Qxd4 34. Rexd4 Kc6 {[%emt 0:00:21] [#] This costs Black the game.} (34... Re7 $16 {was worth a try.}) 35. Ng4 $1 $18 {[%emt 0:00:47] Ne5+ is the strong threat.} Bh5 $2 (35... Bg6+ 36. Kc1 Rd6 37. Ne5+ Kc5) 36. Ne5+ {[%emt 0:00:10] White is clearly winning.} Kc7 37. Rh1 Rh8 38. Kc1 Rdd8 39. g4 {[%emt 0:00:33] Weighted Error Value: White=0.14 (very precise) /Black=0.31} 1-0

[Event "4th ESNA Championship 2022"]
[Site "Vaduz"]
[Date "2022.09.28"]
[Round "5.5"]
[White "Volpinari, Danilo"]
[Black "Apol, Luitjen Akselsson"]
[Result "0-1"]
[ECO "A45"]
[WhiteElo "1929"]
[BlackElo "2113"]
[Annotator "TA"]
[PlyCount "68"]
[EventDate "2022.09.25"]
[EventType "tourn"]
[EventCountry "LIE"]
[SourceTitle "playchess.com"]
[Source "ChessBase"]
[SourceQuality "1"]
[TimeControl "40/5400+30:1800+30"]

1. d4 Nf6 2. Bg5 Ne4 3. Bf4 c5 4. d5 Qb6 5. Qc1 e6 6. f3 {[%emt 1:23:07] A45: Trompowsky Attack.} (6. dxe6 $11 fxe6 7. f3) 6... Nf6 $15 7. e4 exd5 8. e5 {[%emt 0:00:00] Black is better.} Qe6 ({Black should play} 8... Nh5 $17 9. Ne2 Qe6) 9. Nh3 {[%emt 0:00:00] [#]} (9. Kf2 $15 Nh5 10. Nc3) 9... d6 $146 ({Predecessor:} 9... Nc6 10. Qe3 d4 11. Qe2 Nd5 12. Na3 Nxf4 13. Nxf4 Qxe5 14. Nd5 Qxe2+ 15. Bxe2 Kd8 {0-1 (42) Witwicki,P (1860)-Swiatek,B (2041) Poland 2016}) 10. Bb5+ Bd7 (10... Nc6 $15 11. Ng5 Qe7) 11. Kf2 $2 {[%emt 0:00:00][%mdl 8192] Black continues to play with concentration.} (11. Ng5 $11 {and White has nothing to worry.} Qe7 12. O-O (12. Bxd7+ $2 Nbxd7 13. O-O dxe5 $19) 12... Bxb5 13. Re1 dxe5 14. Rxe5) 11... dxe5 $19 (11... Bxb5 12. Re1 Ne4+ 13. fxe4 $17) 12. Bxe5 Qxe5 (12... Bxb5 13. Re1 Be7 14. Nc3 $17) 13. Re1 Ne4+ $1 14. fxe4 Qd4+ (14... Bxb5 $2 15. exd5 Bd6 16. c4 $18 (16. Rxe5+ Bxe5 17. c4 Ba6 $18)) (14... dxe4 $2 15. Nc3 f5 16. Rd1 $19) 15. Re3 Bxb5 16. exd5+ Be7 17. Nc3 Bd7 18. Qe1 {[%emt 0:00:00] Black is clearly winning.} O-O (18... Bxh3 $2 19. Rd1 Qf4+ 20. Kg1 $19) 19. Rd1 Qh4+ ({Wrong is} 19... Bh4+ $2 20. g3 Qf6+ 21. Rf3 Bxh3 22. Rxf6 Bxf6 23. Qe2 $19) 20. Kg1 Qxe1+ 21. Rdxe1 Bf6 22. Nf2 Na6 23. Nce4 Bd4 24. Rg3 Rae8 {[%emt 0:04:29] [#] Strongly threatening ...f5.} 25. c3 Be5 26. Rge3 Bb8 27. g4 c4 ({Don't blunder} 27... Bf4 $2 28. Rf3 Be5 29. Kg2 $19) 28. h4 b5 29. a3 Re5 30. g5 Rfe8 31. h5 Bc7 {[%emt 0:00:22] aiming for ...Bb6.} 32. Kg2 Bf5 33. Kf3 Bb6 (33... Rxd5 {[#] is a self mate.} 34. Nf6+ $1 gxf6 35. Rxe8+ Kg7 36. h6+ Kg6 37. Rg8+ Kh5 38. Rh1+) 34. Ng4 Bxg4+ {[%emt 0:00:15] Weighted Error Value: White=0.42/Black=0.12 (very precise)} 0-1

[Event "4th ESNA Championship 2022"]
[Site "Vaduz"]
[Date "2022.09.28"]
[Round "6.1"]
[White "Mizzi, Jack"]
[Black "Apol, Luitjen Akselsson"]
[Result "0-1"]
[ECO "E62"]
[WhiteElo "1863"]
[BlackElo "2113"]
[Annotator "TA"]
[PlyCount "86"]
[EventDate "2022.09.25"]
[EventType "tourn"]
[EventCountry "LIE"]
[SourceTitle "playchess.com"]
[Source "ChessBase"]
[SourceQuality "1"]
[TimeControl "40/5400+30:1800+30"]

1. d4 Nf6 2. c4 g6 3. Nf3 Bg7 4. g3 O-O 5. Bg2 d6 6. O-O Nc6 7. Nc3 e5 8. dxe5 dxe5 9. Bg5 Be6 10. Qc1 {[%emt 0:00:55] E62: King's Indian: Fianchetto: 6...c6 and Panno Variation (6...Nc6) without ...a6.} Qc8 11. Rd1 Nd7 {[%emt 0:04:16] The main line 11...Nd7 scores better than 11...Rd8.} 12. Nd5 {[%emt 0:10:48] White is slightly better.} f6 13. Bh6 Re8 14. Bxg7 (14. b4 {is more complex.} Nd8 15. Bxg7 Kxg7 16. a3) 14... Kxg7 15. Qc3 Nd8 16. b4 c6 17. Ne3 Nf7 18. c5 Qc7 19. Nd2 {[%emt 0:02:00] [#]} Rad8 $146 ({Predecessor:} 19... f5 20. Ndc4 Bxc4 21. Nxc4 Nf6 22. Nd6 Red8 23. Nxf7 Kxf7 24. e4 Qe7 25. Re1 f4 26. gxf4 exf4 {½-½ (82) Hakemi,A (2316)-Mahdavi,R (2124) Chess.com INT 2021}) 20. Ndc4 Nf8 21. a4 Bc8 22. Nc2 Bg4 23. Kf1 Qc8 24. Na5 Bh3 25. Bxh3 Qxh3+ 26. Kg1 Qc8 27. b5 Ne6 28. Nb3 h5 29. bxc6 (29. h4 $11) 29... Qxc6 $17 30. Qf3 Qc8 {[%emt 0:07:55] Black is more active.} 31. Ne3 (31. h4 $17) 31... Nfg5 $19 ({Inferior is} 31... Nxc5 32. Nxc5 Qxc5 33. Qxb7 $11) 32. Qg2 Nd4 $36 {[%emt 0:00:00][%mdl 2048] White is under strong pressure.} 33. Nxd4 (33. Na5 {keeps fighting.}) 33... exd4 ({And not} 33... Rxd4 34. Rab1 Ne4 35. a5 $17) 34. Nc4 (34. h4 Ne4 35. Nc2) 34... Rxe2 {[%emt 0:00:00] [#] Hoping for ...Nh3+.} 35. Kf1 Re7 {[%emt 0:00:18] Strongly threatening ...Qe6.} 36. Nd6 Qxc5 37. Nxb7 (37. h4 $142 Qxd6 38. hxg5) 37... Qc4+ 38. Kg1 Rd5 39. Rdc1 Qb3 40. Rab1 $2 (40. Nc5 Nf3+ 41. Kh1) 40... Nf3+ {[%emt 0:00:50] Black is clearly winning.} 41. Kh1 Qa3 {[%emt 0:31:24] [#] aiming for ...Qd3.} ({Stronger than} 41... Rxb7 42. Rxb3 Rxb3 43. h4 $15) 42. Ra1 Qd3 43. Nc5 Qe2 {[%emt 0:00:00] Weighted Error Value: White=0.53/Black=0.26 (precise)} 0-1

[Event "4th ESNA Championship 2022"]
[Site "Vaduz"]
[Date "2022.09.28"]
[Round "6.2"]
[White "Frick, Renato"]
[Black "Volpinari, Danilo"]
[Result "1/2-1/2"]
[ECO "B35"]
[WhiteElo "1875"]
[BlackElo "1929"]
[Annotator "TA"]
[PlyCount "74"]
[EventDate "2022.09.25"]
[EventType "tourn"]
[EventCountry "LIE"]
[SourceTitle "playchess.com"]
[Source "ChessBase"]
[SourceQuality "1"]
[TimeControl "40/5400+30:1800+30"]

1. e4 c5 2. Nf3 g6 3. d4 cxd4 4. Nxd4 Bg7 5. Nc3 Nc6 6. Be3 Nf6 7. Bc4 O-O 8. Bb3 Re8 {[%emt 0:01:36] B35: Sicilian: Accelerated Dragon with 5 Nc3: main line.} 9. h3 e6 {[%emt 0:06:31] [#]} 10. Qd2 $146 ({White should play} 10. O-O $14) ({Predecessor:} 10. O-O d5 11. exd5 Nxd5 12. Nxd5 exd5 13. c3 Na5 14. Qd3 a6 15. Rad1 b5 16. Nf3 Nxb3 17. axb3 {1-0 (42) Korneev,O (2545)-Kalavannan,K (2339) Hastings 2019}) 10... d5 $11 {[%emt 0:02:26] The position is equal.} 11. exd5 Nxd5 (11... Nxd4 {looks sharper.} 12. Bxd4 exd5+ 13. Be3 Bxh3 14. Rxh3 d4) 12. Nxd5 {[%emt 0:00:30] [#] Black must now prevent Nxc6.} Nxd4 13. Nc3 Nxb3 14. axb3 Qxd2+ 15. Bxd2 Bd7 16. Be3 Bc6 17. f3 a6 18. O-O-O Red8 19. Rxd8+ Rxd8 20. Rd1 Rxd1+ 21. Nxd1 $15 {[%emt 0:00:25][%mdl 4096] Endgame KBB-KBN} f5 22. Nf2 Kf7 23. c3 e5 24. Kd2 Ke6 25. Ke2 Bf6 26. g3 Bb5+ 27. c4 Bc6 28. Nd1 g5 29. Bd2 {[%emt 0:04:18] [#]} h5 (29... f4 $1 $17 30. Nc3 fxg3) 30. Nc3 Be7 31. Be3 Bf6 32. Bd2 Kd6 (32... g4 $15 {might be stronger.} 33. fxg4 hxg4 34. hxg4 fxg4) 33. Be3 Ke6 34. Bd2 g4 {[%emt 0:01:22] Black is slightly better.} 35. hxg4 hxg4 36. fxg4 fxg4 37. Be3 Kf5 {[%emt 0:02:10] Weighted Error Value: White=0.11 (very precise) /Black=0.14 (very precise)} 1/2-1/2